 Dungeon Crawl Stone Soup version 0.24-a0-778-g74da537 (webtiles) character file.

Game seed: 3374885330532710402, levelgen mode: deterministic

5058 BoppinsLewinski the Spear-Bearer (level 10, -3/94 HPs)
             Began as a Tengu Berserker on Oct 7, 2019.
             Was a High Priest of Trog.
             Slain by a centaur warrior (4 damage)
             ... on level 8 of the Dungeon.
             The game lasted 00:18:39 (8431 turns).

BoppinsLewinski the Spear-Bearer (Tengu Berserker)  Turns: 8431, Time: 00:18:39

Health: -3/94      AC: 13    Str: 25    XL:     10   Next: 56%
Magic:  14/14      EV: 14    Int:  9    God:    Trog [*****.]
Gold:   477        SH:  0    Dex: 13    Spells: 9/9 levels left

rFire    . . .     SeeInvis .   l - +0 spear (venom)
rCold    . . .     Gourm    .   (no shield)
rNeg     + . .     Faith    .   k - +0 chain mail
rPois    .         Spirit   .   (helmet restricted)
rElec    .         Reflect  .   t - +0 cloak
rCorr    .         Harm     .   j - +0 pair of gloves
MR       .....                  (boots unavailable)
Stlth    ..........             (no amulet)
HPRegen  0.25/turn              m - ring of positive energy
MPRegen  0.14/turn              (no ring)

@: berserking, flying quickly and evasively, very quick
A: beak, talons 3, able to fly
a: Stop Flying, Berserk, Trog's Hand, Brothers in Arms, Renounce Religion


You were on level 8 of the Dungeon.
You worshipped Trog.
Trog was extremely pleased with you.
You were hungry.

You visited 1 branch of the dungeon, and saw 8 of its levels.

You collected 477 gold pieces.

Inventory:

Hand Weapons
 a - a +1 spear
 l - a +0 spear of venom (weapon)
Armour
 i - a +0 scale mail
 j - a +0 pair of gloves (worn)
 k - a +0 chain mail (worn)
 t - a +0 cloak (worn)
Jewellery
 m - a ring of positive energy (left hand)
Wands
 u - a wand of iceblast (10)
 w - a wand of flame (18)
 A - a wand of random effects (12)
Scrolls
 p - a scroll of fear
 r - 5 scrolls of teleportation
 s - a scroll of fog
 v - a scroll of magic mapping
 x - a scroll of noise {unknown}
 y - 2 scrolls of remove curse
 B - a scroll of immolation {unknown}
 C - a scroll of identify
Potions
 b - a potion of cancellation
 d - 3 potions of flight
 e - 3 potions of resistance
 f - a potion of haste
 g - 3 potions of mutation
 h - a potion of curing {unknown}
 n - a potion of degeneration {unknown}
 o - a potion of magic {unknown}
 q - 4 potions of heal wounds
 z - a potion of invisibility {unknown}
Comestibles
 c - 9 rations


   Skills:
 + Level 7.1 Fighting
 * Level 10.5 Polearms
 + Level 7.6 Armour
 + Level 7.4 Dodging
 + Level 4.4 Evocations


You had 9 spell levels left.
You didn't know any spells.
Your spell library was empty.

Dungeon Overview and Level Annotations

Branches:
Dungeon (8/15)             Temple (0/1) D:5
   Lair: D:8-11

Altars:
Cheibriados
Dithmenos
Elyvilon
Fedhas
Gozag
Kikubaaqudgha
Makhleb
Nemelex Xobeh
Okawaru
Sif Muna
Uskayaw
Vehumet
Wu Jian
Xom
Yredelemnul
Zin
The Shining One

Shops:
D:5 [


Innate Abilities, Weirdness & Mutations

You have a beak for a mouth.
You have claws for feet.
You can fly continuously.


Message History

Tha centaur warrior be lightly wounded.
Attack whom?
Press: ? - help, Dir - move target cursor, f/p - centaur warrior
Aim: a centaur warrior, wieldin' a +4 longbow (lightly wounded) Ye reach ta attack!
Ye hit tha centaur warrior but do nay damage.
Tha centaur warrior be poison'd.
Tha centaur warrior be lightly wounded.
Tha centaur warrior shoots an arrow.
Tha arrow hits ye!!
* * * LOW HITPOINT WARNIN'
* * * Ye be too injured ta fight recklessly!
A red film seems ta co'er yer vision as ye go berserk!
Ye feel yerself movin' faster!
Ye feel mighty!
Ye be feelin' hungry.
Tha centaur warrior shoots an arrow.
Tha arrow hits ye!!
* * * LOW HITPOINT WARNIN'
* * * Ye feel a strong urge ta attack somethin'.
Tha centaur warrior unwields a +4 longbow.
Tha centaur warrior hits ye.
Ye die...

##### #...## .....
#.#..# .....
##.c_.# ......#
#.@#..# ......+
#.(..# ......#
#.(.########>......
###........+.......
##......##.......
#......#........
######..........
##.#.......
####.#...####


You could see a centaur warrior.

Vanquished Creatures
  Harold (D:7)
  A deep elf mage (D:8)
  A hippogriff (D:8)
  A hungry ghost (D:8)
  2 black bears
  An ice beast (D:6)
  3 phantoms
  3 ogres
  6 bullfrogs
  A wyvern zombie (D:6)
  A water moccasin zombie (D:5)
  A scorpion (D:6)
  12 killer bees
  2 howler monkeys
  3 crimson imps
  2 centaur zombies
  12 orc priests
  A centaur skeleton (D:8)
  A gnoll shaman (D:5)
  6 hounds
  4 jellies
  11 orc wizards
  A bullfrog skeleton (D:4)
  An iguana (D:4)
  4 worker ants
  A hound skeleton (D:8)
  A worker ant zombie (D:5)
  5 gnolls (D:5)
  15 adders
  3 shadow imps
  6 oozes
  An adder skeleton (D:5)
  2 worms
  3 dart slugs
  6 leopard geckos
  37 orcs
  10 bats
  9 giant cockroaches
  10 goblins
  8 hobgoblins
  17 jackals
  5 kobolds
  7 quokkas
  3 ball pythons
  4 frilled lizards
  A quokka skeleton (D:4)
  12 rats
248 creatures vanquished.

Notes
Turn   | Place    | Note
-------+----------+-------------------------------------------
     0 | D:1      | BoppinsLewinski the Tengu Berserker began the quest for the
                  | Orb.
     0 | D:1      | Reached XP level 1. HP: 14/14 MP: 2/2
   398 | D:1      | Reached XP level 2. HP: 19/19 MP: 3/3
   533 | D:1      | Reached XP level 3. HP: 23/23 MP: 4/4
   978 | D:1      | Reached ** piety under Trog
  1193 | D:2      | Reached skill level 4 in Polearms
  1221 | D:2      | Reached XP level 4. HP: 28/28 MP: 5/5
  1569 | D:2      | Found an opulent altar of Gozag.
  1575 | D:2      | Found a hide-covered altar of Uskayaw.
  1578 | D:2      | Found a white marble altar of Elyvilon.
  1811 | D:3      | Gained mutation: You can fly continuously. [Tengu growth]
  1811 | D:3      | Reached XP level 5. HP: 32/32 MP: 6/6
  2280 | D:3      | Reached skill level 5 in Polearms
  2285 | D:3      | Reached XP level 6. HP: 38/38 MP: 7/7
  2497 | D:3      | Found a burning altar of Makhleb.
  2532 | D:3      | Reached *** piety under Trog
  2671 | D:3      | Noticed a black bear
  2678 | D:3      | Killed a black bear
  2799 | D:3      | Found a shadowy altar of Dithmenos.
  3205 | D:3      | Found a glowing silver altar of Zin.
  3346 | D:4      | Found an iron altar of Okawaru.
  3357 | D:4      | Reached XP level 7. HP: 35/44 MP: 8/8
  3590 | D:4      | Reached skill level 6 in Polearms
  3916 | D:4      | Found a snail-covered altar of Cheibriados.
  4426 | D:5      | Entered Level 5 of the Dungeon
  4549 | D:5      | Reached XP level 8. HP: 44/48 MP: 9/9
  4577 | D:5      | Reached skill level 7 in Polearms
  4597 | D:5      | Reached skill level 5 in Fighting
  4749 | D:5      | Reached skill level 5 in Armour
  4761 | D:5      | Reached skill level 5 in Dodging
  4857 | D:5      | Found a basalt altar of Yredelemnul.
  4914 | D:5      | Found Erche's Armour Boutique.
  4959 | D:5      | Found a staircase to the Ecumenical Temple.
  5159 | D:6      | Reached **** piety under Trog
  5225 | D:6      | Reached skill level 8 in Polearms
  5299 | D:6      | Reached skill level 1 in Evocations
  5308 | D:6      | Reached XP level 9. HP: 47/55 MP: 9/11
  5977 | D:6      | Found a glowing golden altar of the Shining One.
  6049 | D:6      | Reached skill level 9 in Polearms
  6428 | D:6      | Found a shimmering blue altar of Sif Muna.
  6509 | D:7      | Found an ornate altar of the Wu Jian Council.
  6559 | D:7      | Reached ***** piety under Trog
  7056 | D:7      | Found a shimmering altar of Xom.
  7070 | D:7      | Noticed Harold
  7086 | D:7      | Killed Harold
  7086 | D:7      | Reached XP level 10. HP: 61/61 MP: 13/13
  7093 | D:7      | Reached skill level 10 in Polearms
  7186 | D:7      | Found a sparkling altar of Nemelex Xobeh.
  7683 | D:8      | Received a gift from Trog
  7731 | D:8      | Found a shadowy altar of Dithmenos.
  7734 | D:8      | Noticed a deep elf mage
  7740 | D:8      | Killed a deep elf mage
  8006 | D:8      | Found a radiant altar of Vehumet.
  8010 | D:8      | Found a blossoming altar of Fedhas.
  8425 | D:8      | Found an ancient bone altar of Kikubaaqudgha.
  8426 | D:8      | Noticed a centaur warrior
  8430 | D:8      | HP: 1/94 [centaur warrior/arrow (23)]
  8431 | D:8      | Slain by a centaur warrior

Levels and vault maps discovered:
D:1:      kilobyte_arrival_exit_the_forest, layout_basic
D:2:      layout_rooms, grunt_temple_overflow_diamond, minmay_misc_feat_chi
D:3:      layout_rooms, grunt_dithmenos_smoke_and_mirrors, lemuel_crystal_altar,
          overflow_temple_1_default
D:4:      layout_gridville, cheibriados_altar_1, first_ration,
          okawaru_metal_pillars_3
D:5:      layout_cave_pods, yredelemnul_altar_generic,
          minmay_temple_entry_overgrown, serial_shops, shop
D:6:      layout_rooms, lemuel_blue_sif_altar, old_standard_altar,
          minmay_joined_circles
D:7:      layout_rooms, overflow_temple_1_default, basic_altar,
          nemelex_diamond_rough_becter, uniq_harold
D:8:      minmay_the_grid_triangle_9x9_rhombus_full
          [minmay_the_grid_triangle_9x9_empty,
          minmay_the_grid_triangle_9x9_impossible_snake,
          minmay_the_grid_triangle_9x9_from_above,
          minmay_the_grid_triangle_9x9_corrupted_corridor,
          minmay_the_grid_triangle_9x9_cache,
          minmay_the_grid_triangle_9x9_odd_lines,
          minmay_the_grid_triangle_9x9_alien,
          minmay_the_grid_triangle_9x9_prize_top_heavy], layout_basic,
          minitemple, hangedman_little_slice_of_home, hangedman_feature_mirror

Skill      XL: |  1  2  3  4  5  6  7  8  9 10 |
---------------+-------------------------------+-----
Polearms       | 4 5 6 8 9 10 | 10.5
Armour         | 3 4 5 7 |  7.6
Dodging        | 3 4 5 6 7 |  7.4
Fighting       | 4 5 6 7 |  7.1
Evocations     | 1 3 4 |  4.4

Action                   |  1- 3 |  4- 6 |  7- 9 | 10-12 || total
-------------------------+-------+-------+-------+-------++-------
Melee: Spear             |    81 |   190 |   402 |   144 ||   817
       Peck              |    11 |    24 |    64 |    27 ||   126
       Kick              |    13 |    44 |   120 |    34 ||   211
Invok: Berserk           |       |     4 |     8 |     2 ||    14
       Trog's Hand       |       |     2 |     6 |     2 ||    10
 Abil: Fly               |       |       |     1 |       ||     1
Evoke: Wand              |       |       |     4 |     2 ||     6
  Use: Scroll            |       |     8 |     7 |       ||    15
 Stab: Sleeping          |     1 |       |       |       ||     1
  Eat: Chunk             |       |     9 |    15 |     2 ||    26
       Ration            |       |     1 |     2 |     2 ||     5
Armor: Animal skin       |     2 |       |       |       ||     2
       Leather armour    |     3 |       |       |       ||     3
       Ring mail         |     8 |    47 |    33 |       ||    88
       Chain mail        |       |       |    42 |    40 ||    82
Dodge: Dodged            |    31 |    79 |   128 |    40 ||   278

Table legend:
 A = Non-vault XP
 B = Vault XP
 C = Vault XP percentage of total XP
 D = Non-vault monster count
 E = Vault monster count
 F = Vault count percentage of total count
                 A         B        C        D         E       F
            +---------+---------+-------+---------+---------+-------
      Total |    4973 |    2254 |  31.2 |     227 |      21 |   8.5
            +---------+---------+-------+---------+---------+-------
        D:1 |      46 |       0 |   0.0 |      24 |       0 |   0.0
        D:2 |     100 |       0 |   0.0 |      30 |       0 |   0.0
        D:3 |     443 |       0 |   0.0 |      42 |       0 |   0.0
        D:4 |     526 |       0 |   0.0 |      33 |       0 |   0.0
        D:5 |     665 |       0 |   0.0 |      22 |       0 |   0.0
        D:6 |    1474 |     606 |  29.1 |      37 |      11 |  22.9
        D:7 |     590 |     976 |  62.3 |      20 |       1 |   4.8
        D:8 |    1129 |     672 |  37.3 |      19 |       9 |  32.1
            +---------+---------+-------+---------+---------+-------
